 Dungeon Crawl Stone Soup version 0.31.0-12-g77e489cdc1 (webtiles) character file.

Game seed: 1156192495138532663

93 lordive the Slasher (level 4, -5/41 HPs)
             Began as a Minotaur Monk on Feb 29, 2024.
             Slain by a gnoll
             ... wielding a +0 whip
              (9 damage)
             ... on level 3 of the Dungeon.
             The game lasted 00:02:14 (1548 turns).

lordive the Slasher (Minotaur Monk)                 Turns: 1548, Time: 00:02:15

Health: -5/41      AC:  2    Str: 17    XL:     4   Next: 36%
Magic:  3/3        EV:  7    Int:  7    God:
Gold:   128        SH:  0    Dex: 13    Spells: 3/3 levels left

rFire   . . .        a - +0 falchion
rCold   . . .        (no shield)
rNeg    . . .        b - +0 robe
rPois   .            (helmet restricted)
rElec   .            (no cloak)
rCorr   .            (no gloves)
SInv    .            (no boots)
Will    .....        (no amulet)
Stlth   +            (no ring)
HPRegen 0.26/turn    (no ring)
MPRegen 0.08/turn

%: no passive effects
@: held, studying Ranged Weapons
A: horns 2, retaliatory headbutt
a: no special abilities


You were on level 3 of the Dungeon.
You visited 1 branch of the dungeon, and saw 3 of its levels.

You collected 128 gold pieces.

Inventory:

Hand Weapons
 a - a +0 falchion (weapon)
Armour
 b - a +0 robe (worn)
Jewellery
 e - a ring of fire
Talismans
 j - a storm talisman
Scrolls
 f - 2 scrolls of blinking {unknown}
 h - a scroll of fear {unknown}
 i - a scroll of identify {unknown}
 n - a scroll of enchant armour {unknown}
Potions
 c - a potion of ambrosia
 d - 2 potions of curing {unknown}
 g - 2 potions of magic {unknown}
 k - a potion of cancellation {unknown}
 l - a potion of enlightenment {unknown}
 m - a potion of brilliance {unknown}


   Skills:
 + Level 4.6 Fighting
 + Level 5.0 Long Blades
 + Level 4.0 Dodging


You had 3 spell levels left.
You didn't know any spells.
Your spell library was empty.

Dungeon Overview and Level Annotations

Branches:
Dungeon (3/15)

Altars:


Innate Abilities, Weirdness & Mutations

You have a pair of horns on your head.
You reflexively headbutt those who attack you in melee.


Message History

No target in view!
A dart slug and 2 gnolls come into view.
A gnoll is wielding a +2 heavy halberd and quivering 2 throwing nets.
The gnoll shouts! x2; You hear a loud squeak.
A gnoll comes into view. It is wielding a +0 halberd.
You hear a shout!
You hear a shout!
An orc and a goblin come into view.
The goblin is wielding a +0 dagger and quivering poisoned darts.
The orc shouts!
The goblin shouts!
The rat closely misses you.
You hit the rat. Your punch misses the rat.
The rat is moderately wounded.
The gnoll throws a throwing net.
The throwing net misses you.
The throwing net hits the rat.
The rat is caught in the net!
The rat struggles against the net.
A dart slug comes into view.
You catch the helpless rat completely off-guard!
You hit the rat.
You kill the rat!
The gnoll throws a throwing net.
The throwing net hits you.
You become entangled in the net!
The gnoll hits you with a +0 whip.
You are held in a net!
You are held in a net!
Unknown command.
You struggle against the net.
A bat comes into view.
The gnoll barely misses you. You furiously retaliate!
You headbutt the gnoll. The dart slug closely misses you.
The bat moves out of view.
You struggle against the net.
The orc hits you with a +0 hand axe. The gnoll hits you with a +0 whip.
You struggle against the net.
The dart slug launches a dart at you. The slug dart hits you.
The gnoll hits you from afar with a +2 heavy halberd!!
* * * LOW HITPOINT WARNING * * *
The orc hits you with a +0 hand axe.
* * * LOW HITPOINT WARNING * * *
The gnoll hits you with a +0 whip!
You die...

......# ..... .....
... ######## ...
#......# #g#
#......#### #o#####..
#.........###@g......
#............w.......
#.........###.g......
#....†.#### #......##
####'### #......#
#....# ##...b##
#....# ###... #....#
g.. ###'## ..


You could see 3 gnolls, a dart slug, an orc, a goblin and a bat (wandering).

Vanquished Creatures
  Natasha (twice) (D:2)
  2 adders (D:3)
  A ball python (D:3)
  2 endoplasms
  2 giant cockroaches
  A goblin (D:2)
  4 hobgoblins
  4 kobolds
  10 rats
28 creatures vanquished.

Notes
Turn   | Place    | Note
-------+----------+-------------------------------------------
     0 | D:1      | lordive the Minotaur Monk began the quest for the Orb.
     0 | D:1      | Reached XP level 1. HP: 19/19 MP: 0/0
   560 | D:1      | Reached XP level 2. HP: 21/27 MP: 1/1
   695 | D:1      | Reached skill level 4 in Long Blades
  1062 | D:2      | Noticed Natasha
  1074 | D:2      | Killed Natasha
  1075 | D:2      | Reached XP level 3. HP: 13/33 MP: 2/2
  1315 | D:2      | Noticed Natasha
  1330 | D:2      | Killed Natasha
  1331 | D:2      | Reached XP level 4. HP: 23/41 MP: 3/3
  1502 | D:3      | Reached skill level 5 in Long Blades
  1548 | D:3      | Slain by a gnoll

Illustrated notes

Levels and vault maps discovered:
D:1:      psy_arrival_whirlpool, layout_loops_corners, minmay_misc_feat_room,
          corner_web_ring, minmay_rat_gold_closets
D:2:      layout_loops_corners, basic_altar, uniq_natasha
D:3:      layout_basic, serial_shops, shop, uniq_jessica

Skill      XL: |  1  2  3  4 |
---------------+-------------+-----
Long Blades    | 4 5 |  5.0
Fighting       | 4 |  4.6
Dodging        | 4 |  4.0

Action                     |  1- 3 |  4- 6 || total
---------------------------+-------+-------++-------
  Melee: Falchion          |    61 |    20 ||    81
         Headbutt          |     5 |     2 ||     7
   Stab: Sleeping          |     4 |       ||     4
         Held in net/web   |       |     1 ||     1
 Armour: Robe              |    24 |    16 ||    40
  Dodge: Dodged            |    26 |    16 ||    42
